 Dungeon Crawl Stone Soup version 0.27-a0-679-g77a6b55cf3 (webtiles) character file.

Game seed: 6000967943504384707

50 Lanoc the Slasher (level 3, 0/35 HPs)
             Began as a Gnoll Berserker on Mar 18, 2021.
             Was a Follower of Trog.
             Slain by a kobold
             ... wielding a +0 club
              (3 damage)
             ... on level 3 of the Dungeon.
             The game lasted 00:00:50 (879 turns).

Lanoc the Slasher (Gnoll Berserker)                  Turns: 879, Time: 00:00:51

Health: 0/35       AC:  2    Str: 16    XL:     3   Next: 79%
Magic:  4/4        EV: 13    Int:  6    God:    Trog [*.....]
Gold:   39         SH:  0    Dex: 12    Spells: 4/4 levels left

rFire    . . .     SeeInvis .   a - +0 falchion
rCold    . . .     Faith    .   (no shield)
rNeg     . . .     Spirit   .   b - +0 animal skin
rPois    .         Reflect  .   (no helmet)
rElec    .         Harm     .   (no cloak)
rCorr    .         Rampage  .   (no gloves)
Will     .....                  (no boots)
Stlth    ++........             (no amulet)
HPRegen  0.11/turn              (no ring)
MPRegen  0.09/turn              (no ring)

@: berserk cooldown, slowed, very slow
A: fangs 1, strong nose, distributed training
a: Renounce Religion, Berserk


You were on level 3 of the Dungeon.
You worshipped Trog.
Trog was aware of your devotion.
You visited 1 branch of the dungeon, and saw 3 of its levels.

You collected 39 gold pieces.

Inventory:

Hand Weapons
 a - a +0 falchion (weapon)
Armour
 b - a +0 animal skin (worn)
Scrolls
 c - a scroll of enchant armour {unknown}
 d - a scroll of teleportation {unknown}
 e - a scroll of torment {unknown}
Potions
 f - 2 potions of curing {unknown}


   Skills:
 + Level 6.5 Fighting
 + Level 1.0 Short Blades
 + Level 6.5 Long Blades
 + Level 1.0 Axes
 + Level 1.0 Maces & Flails
 + Level 1.0 Polearms
 + Level 1.0 Staves
 + Level 1.0 Slings
 + Level 1.0 Bows
 + Level 1.0 Crossbows
 + Level 1.0 Throwing
 + Level 4.6 Armour
 + Level 4.6 Dodging
 + Level 1.0 Stealth
 + Level 1.0 Shields
 + Level 1.0 Unarmed Combat
 + Level 1.0 Spellcasting
 + Level 0.7 Conjurations
 + Level 0.7 Hexes
 + Level 0.7 Summonings
 + Level 0.7 Necromancy
 + Level 0.7 Translocations
 + Level 0.7 Transmutations
 + Level 0.7 Fire Magic
 + Level 0.7 Ice Magic
 + Level 0.7 Air Magic
 + Level 0.7 Earth Magic
 + Level 0.7 Poison Magic
 + Level 1.0 Invocations
 + Level 1.0 Evocations


You had 4 spell levels left.
You didn't know any spells.
Your spell library was empty.

Dungeon Overview and Level Annotations

Branches:
Dungeon (3/15)

Altars:
Trog


Innate Abilities, Weirdness & Mutations

You have very sharp teeth.
Your uncanny sense of smell can sniff out nearby items.
Your experience applies equally to all skills.


Message History

You slash the leopard gecko!
You kill the leopard gecko!
Trog accepts your kill. The dart slug launches a dart at you.
The slug dart hits you.
A kobold comes into view. It is wielding a +0 club.
The dart slug launches a dart at you. The slug dart hits you.
* * * LOW HITPOINT WARNING * * *
You hit the dart slug.
The dart slug is moderately wounded.
The dart slug closely misses you.
You slash the dart slug!
You kill the dart slug!
Trog accepts your kill.
Your Short Blades skill increases to level 1!
Your Axes skill increases to level 1!
Your Maces & Flails skill increases to level 1!
Your Polearms skill increases to level 1!
Your Staves skill increases to level 1!
Your Slings skill increases to level 1!
Your Bows skill increases to level 1!
Your Crossbows skill increases to level 1!
Your Throwing skill increases to level 1!
Your Stealth skill increases to level 1!
Your Shields skill increases to level 1!
Your Unarmed Combat skill increases to level 1!
Your Spellcasting skill increases to level 1!
Your Evocations skill increases to level 1!
A kobold is nearby!
Found a red potion.
You see here a dart slug corpse.
The kobold shouts!
You hear a shout!
The kobold barely misses you.
You riposte.
You hit the kobold.
The kobold is heavily wounded.
The kobold hits you with a +0 club.
* * * LOW HITPOINT WARNING * * *
You hit the kobold but do no damage.
The kobold is heavily wounded.
The kobold hits you with a +0 club.
You die...

.. ##. !. #. #####.## .#
.......##.##.# #........#
##.##.##... #@.#.# ##K#.#
#...# ### ##..#
.....####..# ∆
..K........##
#####...)..##.##########
###≈≈≈####)...............
##≈≈≈≈≈≈≈≈#.####.##.####.##


You could see a kobold.

Vanquished Creatures
  3 adders
  A dart slug (D:3)
  2 leopard geckos
  A giant cockroach (D:3)
  2 hobgoblins
  3 bats
  3 frilled lizards
  2 goblins
  5 kobolds
22 creatures vanquished.

Vanquished Creatures (others)
  3 plants (D:2)
3 creatures vanquished.

Grand Total: 25 creatures vanquished

Notes
Turn   | Place    | Note
-------+----------+-------------------------------------------
     0 | D:1      | Lanoc the Gnoll Berserker began the quest for the Orb.
     0 | D:1      | Reached XP level 1. HP: 23/23 MP: 1/1
   186 | D:1      | Reached XP level 2. HP: 29/29 MP: 2/2
   387 | D:2      | Found a bloodstained altar of Trog.
   665 | D:3      | Reached XP level 3. HP: 24/35 MP: 2/4
   809 | D:3      | Reached skill level 1 in Invocations
   867 | D:3      | Reached skill level 1 in Short Blades
   867 | D:3      | Reached skill level 1 in Axes
   867 | D:3      | Reached skill level 1 in Maces & Flails
   867 | D:3      | Reached skill level 1 in Polearms
   867 | D:3      | Reached skill level 1 in Staves
   867 | D:3      | Reached skill level 1 in Slings
   867 | D:3      | Reached skill level 1 in Bows
   867 | D:3      | Reached skill level 1 in Crossbows
   867 | D:3      | Reached skill level 1 in Throwing
   867 | D:3      | Reached skill level 1 in Stealth
   867 | D:3      | Reached skill level 1 in Shields
   867 | D:3      | Reached skill level 1 in Unarmed Combat
   867 | D:3      | Reached skill level 1 in Spellcasting
   867 | D:3      | Reached skill level 1 in Evocations
   879 | D:3      | Slain by a kobold

Illustrated notes

Levels and vault maps discovered:
D:1:      minmay_arrival_cross, layout_basic
D:2:      layout_basic, bloody_trog, serial_bayou_lake_a
D:3:      cheibrodos_thug_alley, layout_basic

Skill      XL: |  1  2  3 |
---------------+----------+-----
Invocations    | 1 |  1.0
Short Blades   | 1 |  1.0
Axes           | 1 |  1.0
Maces & Flails | 1 |  1.0
Polearms       | 1 |  1.0
Staves         | 1 |  1.0
Slings         | 1 |  1.0
Bows           | 1 |  1.0
Crossbows      | 1 |  1.0
Throwing       | 1 |  1.0
Stealth        | 1 |  1.0
Shields        | 1 |  1.0
Unarmed Combat | 1 |  1.0
Spellcasting   | 1 |  1.0
Evocations     | 1 |  1.0
Fighting       | |  6.5
Long Blades    | |  6.5
Armour         | |  4.6
Dodging        | |  4.6
Conjurations   | |  0.7
Hexes          | |  0.7
Summonings     | |  0.7
Necromancy     | |  0.7
Translocations | |  0.7
Transmutations | |  0.7
Fire Magic     | |  0.7
Ice Magic      | |  0.7
Air Magic      | |  0.7
Earth Magic    | |  0.7
Poison Magic   | |  0.7

Action                   || total
-------------------------++-------
Melee: Falchion          ||    49
       Bite              ||     1
Invok: Berserk           ||     1
 Stab: Sleeping          ||     1
Armor: Animal skin       ||     4
Dodge: Dodged            ||    32
       Rpst.: Falchion   ||    10

Table legend: (Time is in decaauts)
 A = Elapsed time spent in this place.
 B = Non-inter-level travel time spent in this place.
 C = Inter-level travel time spent in this place.
 D = Time resting spent in this place.
 E = Time spent auto-exploring this place.
 F = Levels seen in this place.
 G = Mean time per level.
                   A        B        C        D        E       F      G
               +--------+--------+--------+--------+--------+-----+--------+
         Total |    883 |    858 |     25 |      0 |    736 |   3 |  294.3 |
       Dungeon |    883 |    858 |     25 |      0 |    736 |   3 |  294.3 |
               +--------+--------+--------+--------+--------+-----+--------+

Top non-repeatable levels by time:
     D:3: 342 daAuts
     D:2: 339 daAuts
     D:1: 201 daAuts
